 Dungeon Crawl Stone Soup version 0.23.2-33-g5129a83184 (webtiles) character file.

Game seed: 9100747833988966154

91 AarnesTheHuman the Charmwright (level 4, -2/35 HPs)
             Began as a Barachi Skald on Aug 6, 2019.
             Slain by Sigmund
             ... wielding a +0 scythe of slicing
              (12 damage)
             ... on level 3 of the Dungeon.
             The game lasted 00:04:46 (2334 turns).

AarnesTheHuman the Charmwright (Barachi Skald)      Turns: 2334, Time: 00:04:47

Health: -2/35      AC:  3    Str: 12    XL:     4   Next: 57%
Magic:  8/8        EV: 12    Int: 15    God:
Gold:   54         SH:  0    Dex: 11    Spells: 5/9 levels left

rFire    . . .     SeeInvis .   m - +2 mace (holy)
rCold    . . .     Gourm    .   (no shield)
rNeg     . . .     Faith    .   b - +0 leather armour
rPois    .         Spirit   .   (no helmet)
rElec    .         Reflect  .   (no cloak)
rCorr    .         Harm     .   (no gloves)
MR       .....                  (no boots)
Stlth    +.........             (no amulet)
HPRegen  0.11/turn              (no ring)
MPRegen  0.11/turn              (no ring)

@: confused, flying, slow
A: +LOS, swims, slowness 1, strong legs 1
a: Hop


You were on level 3 of the Dungeon.
You were hungry.

You visited 1 branch of the dungeon, and saw 3 of its levels.

You collected 54 gold pieces.

Inventory:

Hand Weapons
 a - a +0 falchion
 c - a +3 spear of piercing
 e - a +0 dagger of venom
 m - a +2 mace of holy wrath (weapon)
Armour
 b - a +0 leather armour (worn)
Scrolls
 f - a scroll of amnesia {unknown}
 g - a scroll of immolation {unknown}
 h - a scroll of magic mapping {unknown}
 j - 2 scrolls of remove curse {unknown}
 k - a scroll of enchant armour {unknown}
 n - a scroll of identify {unknown}
Comestibles
 d - 4 rations


   Skills:
 + Level 3.1 Fighting
 - Level 2.8 Long Blades
 + Level 2.2 Armour
 - Level 2.1 Dodging
 * Level 3.0 Spellcasting
 + Level 1.0 Hexes
 * Level 4.0 Charms


You had 5 spell levels left.
You knew the following spells:

 Your Spells              Type           Power        Failure   Level  Hunger
a - Infusion              Chrm           ##..         4%          1    #......
b - Spectral Weapon       Hex/Chrm       #.......     26%         3    ###....

Your spell library contained the following spells:

 Spells                   Type           Power        Failure   Level  Hunger
 Song of Slaying          Chrm           ##......     8%          2    ##.....
 Shroud of Golubria       Chrm/Tloc      #.........   17%         2    ##.....
 Regeneration             Chrm/Necr      #.........   32%         3    ###....


Dungeon Overview and Level Annotations

Branches:
Dungeon (3/15)

Altars:
Gozag
Hepliaklqana
The Shining One

Annotations:
D:3 Grinder, Sigmund


Innate Abilities, Weirdness & Mutations

Shadows flee at your approach. (+LOS)
You can swim through water.
You cover ground slowly.
You can hop short distances.


Message History

You are confused.
You are too confused!
You are more confused.
You're too confused to move!
Something tries to affect you, but you resist.
You hear some strange, mumbled words.
You are more confused.
Something hits you.
You bump into the rock wall.
Something hits you.
You bump into the rock wall.
Something hits you!
You bump into the rock wall.
You're too confused!
It was a potion of flight.
You feel very buoyant.
You fly up into the air.
Something hits you.
* * * LOW HITPOINT WARNING * * *
Something hits you but does no damage. Something hits you!
You die...

#...........# #.######
#...........# #......#
#.......###.# ######.#
#.......# #.# #.#
##.......# #.# #........#
#.# #.........## #.#
...........# ######## #.#
..8......#.## #@.....# #.#
..≈≈≈..####..#.#.####.###.#
..≈≈≈..#####.#.#{# #...#.#
..≈≈≈..........#.# ###.#.#
..≈≈≈..#####...#.# #.#.#
.............#.# #.#.#
.........#...#.# #.#.#
#.....##.#...#.# #.#.#
#####.#<.#...#.# #.#.#


There were no monsters in sight!

Vanquished Creatures
  2 adders (D:2)
  3 worms (D:2)
  2 dart slugs
  2 leopard geckos
  An orc (D:3)
  4 giant cockroaches
  5 goblins
  7 hobgoblins
  2 quokkas
  2 ball pythons
  9 bats
  9 frilled lizards
  7 kobolds
  3 rats
58 creatures vanquished.

Notes
Turn   | Place    | Note
-------+----------+-------------------------------------------
     0 | D:1      | AarnesTheHuman the Barachi Skald began the quest for the
                  | Orb.
     0 | D:1      | Reached XP level 1. HP: 17/17 MP: 3/3
    99 | D:1      | Reached XP level 2. HP: 18/23 MP: 5/5
   654 | D:1      | Reached XP level 3. HP: 26/28 MP: 6/6
   766 | D:2      | Learned a level 3 spell: Spectral Weapon
  1206 | D:2      | Reached XP level 4. HP: 31/35 MP: 8/8
  1348 | D:2      | Reached skill level 1 in Hexes
  1490 | D:2      | Reached skill level 4 in Charms
  1629 | D:2      | Found a hazy altar of Hepliaklqana.
  1629 | D:2      | Found a glowing golden altar of the Shining One.
  1828 | D:3      | Found an opulent altar of Gozag.
  1859 | D:3      | Noticed Grinder
  2317 | D:3      | Noticed Sigmund
  2334 | D:3      | Slain by Sigmund

Skill      XL: |  1  2  3  4 |
---------------+-------------+-----
Armour         | 2 |  2.2
Fighting       | 3 |  3.1
Hexes          | 1 |  1.0
Charms         | 4 |  4.0
Spellcasting   | 3 |  3.0
Long Blades    | |  2.8
Dodging        | |  2.1

Action                   |  1- 3 |  4- 6 || total
-------------------------+-------+-------++-------
Melee: Dagger            |    97 |    65 ||   162
       Falchion          |     7 |       ||     7
       Mace              |       |    22 ||    22
 Cast: Infusion          |     4 |       ||     4
  Use: Potion            |       |     1 ||     1
  Eat: Chunk             |     1 |     4 ||     5
Armor: Leather armour    |    25 |    20 ||    45
Dodge: Dodged            |    58 |    73 ||   131
       Rpst.: Falchion   |     2 |       ||     2
